 Dungeon Crawl Stone Soup version 0.18.1-6-gd335043 (webtiles) character file.

77 Northaan the Digger (level 4, -2/24 HPs)
             Began as a Gargoyle Earth Elementalist on May 16, 2016.
             Killed from afar by an orc wizard (7 damage)
             ... with a puff of frost
             ... on level 3 of the Dungeon.
             The game lasted 00:02:36 (2048 turns).

Northaan the Digger (Gargoyle Earth Elementalist)   Turns: 2048, Time: 00:02:42

Health: -2/24      AC:  5    Str: 11    XL:     4   Next: 34%
Magic:  9/9        EV: 12    Int: 17    God:
Gold:   115        SH:  0    Dex: 10    Spells: 2 memorised, 6 levels left

rFire  . . .     SeeInvis .     h - +0 whip
rCold  . . .     Gourm    .     a - +0 robe
rNeg   + . .     Faith    .     (no shield)
rPois  ∞         Spirit   .     (no helmet)
rElec  +         Dismiss  .     (no cloak)
rCorr  .         Reflect  .     (no gloves)
SustAt .         Harm     .     (no boots)
MR     .....                    (no amulet)
Stlth  ++........               (no ring)
                                g - +1 ring of slaying

@: marked, not resistant to hostile enchantments, unstealthy
A: negative energy resistance 1, electricity resistance, unbreathing,
petrification resistance, rot immunity, AC +3
a: no special abilities


You were on level 3 of the Dungeon.
You were hungry.

You visited 1 branch of the dungeon, and saw 3 of its levels.

You collected 115 gold pieces.

Inventory:

Hand Weapons
 h - a +0 whip (weapon)
Missiles
 b - 179 stones (quivered)
Armour
 a - a +0 robe (worn)
Jewellery
 g - a +1 ring of slaying (left hand)
Scrolls
 e - 3 scrolls of identify {unknown}
 f - a scroll of teleportation {unknown}
 k - a scroll of remove curse {unknown}
 l - a scroll of immolation {unknown}
 n - a scroll of enchant weapon {unknown}
 p - a scroll of noise {unknown}
Potions
 j - a potion of haste {unknown}
 m - a potion of flight {unknown}
Books
 c - a book of Geomancy

   Spells                             Type                      Level
   a - Sandblast                      Earth                        1
   b - Passwall                       Transmutation/Earth          2
   c - Stone Arrow                    Conjuration/Earth            3
   d - Petrify                        Transmutation/Earth          4
   e - Lee's Rapid Deconstruction     Earth                        5
Comestibles
 d - a bread ration
 i - a meat ration
 o - a slice of pizza


   Skills:
 - Level 1.5 Dodging
 - Level 2.1 Stealth
 * Level 3.7 Spellcasting
   Level 0.7 Transmutations
 + Level 4.3 Earth Magic


You had 6 spell levels left.
You knew the following spells:

 Your Spells              Type           Power        Failure   Level  Hunger
a - Sandblast             Erth           ###...       2%          1    None
b - Stone Arrow           Conj/Erth      ##....       21%         3    ###....


Dungeon Overview and Level Annotations

Branches:
Dungeon (3/15)

Altars:
Xom


Innate Abilities, Weirdness & Mutations

You are resistant to torment.
Your stone body is resilient (AC +3).
You are immune to poison.
You resist negative energy.
You are resistant to electric shocks.
You can survive without breathing.
You are immune to petrification.
You are immune to rotting.


Message History

The kobold hits you with a dagger.
An orc wizard comes into view. It is wielding a dagger.
You hit the kobold.
You kill the kobold!
A ball python comes into view.
The orc wizard points at you and mumbles some strange words.
The magic dart hits you!
A bat comes into view.
You completely miss the orc wizard.
The orc wizard hits you but does no damage.
You closely miss the orc wizard. The orc wizard hits you with a dagger.
You closely miss the orc wizard. The orc wizard barely misses you.
You hit the orc wizard.
The orc wizard is moderately wounded.
The orc wizard casts a spell at you. The magic dart hits you!
* * * LOW HITPOINT WARNING * * *
The orc wizard casts a spell at you. The puff of frost hits you!
You die...

#...####^..≈§._# #
#...# ##..♣#≈## .
#...### ##.≈###
..###...# ##.##
......##.# #..#
...##....####.## .
###...##..#
#..bSo.#####...
########.##@.)......
#......#.########...
#.....<#..# ###
#.....†##.##.....
#.......#........
#######..##......
#.....##### #.#>#.#
#.......


You could see an orc wizard, a bat and a ball python.

Vanquished Creatures
  An adder (D:1)
  A worm (D:2)
  2 dart slugs (D:2)
  3 giant geckos
  7 bats
  4 giant cockroaches
  9 goblins
  6 hobgoblins
  2 jackals (D:2)
  8 kobolds
  5 giant newts
  7 rats
55 creatures vanquished.

Notes
Turn   | Place    | Note
--------------------------------------------------------------
     0 | D:1      | Northaan the Gargoyle Earth Elementalist began the quest for the Orb.
     0 | D:1      | Reached XP level 1. HP: 10/10 MP: 3/3
   372 | D:1      | Reached XP level 2. HP: 13/15 MP: 5/5
   455 | D:1      | Reached skill level 4 in Earth Magic
   741 | D:1      | Reached XP level 3. HP: 14/19 MP: 7/7
  1517 | D:2      | Reached XP level 4. HP: 24/24 MP: 9/9
  1529 | D:2      | Learned a level 3 spell: Stone Arrow
  2019 | D:3      | Found a shimmering altar of Xom.
  2021 | D:3      | Found a shimmering altar of Xom.
  2021 | D:3      | Found a shimmering altar of Xom.
  2021 | D:3      | Found a shimmering altar of Xom.
  2022 | D:3      | Found a shimmering altar of Xom.
  2023 | D:3      | Found a shimmering altar of Xom.
  2023 | D:3      | Found a shimmering altar of Xom.
  2023 | D:3      | Found a shimmering altar of Xom.
  2048 | D:3      | Killed from afar by an orc wizard

Skill      XL: |  1  2  3 |
---------------+----------+-----
Earth Magic    | 4 |  4.3
Spellcasting   | 3 |  3.7
Dodging        | |  1.5
Stealth        | |  2.1
Transmutations | |  0.7

Action                   |  1- 3 |  4- 6 || total
-------------------------+-------+-------++-------
Melee: Whip              |   131 |    50 ||   181
       Unarmed           |     7 |       ||     7
 Cast: Sandblast         |     5 |     5 ||    10
       Stone Arrow       |       |     1 ||     1
 Stab: Sleeping          |     8 |     1 ||     9
  Eat: Chunk             |     1 |     2 ||     3
Armor: Robe              |    60 |    14 ||    74
Dodge: Dodged            |   113 |    32 ||   145
